 Dungeon Crawl Stone Soup version 0.27-a0-475-g4587593e40 (webtiles) character file.

Game seed: 4686118883811816411

479277 EnegeticOcto the Warrior (level 23, -9/191 HPs)
             Began as a Mummy Necromancer on Feb 28, 2021.
             Was a High Priest of Ashenzari.
             Mangled by a death scarab (16 damage)
             ... summoned by a royal mummy
             ... on level 3 of the Tomb of the Ancients on Mar 1, 2021.
             The game lasted 02:50:01 (30547 turns).

EnegeticOcto the Warrior (Mummy Necromancer)       Turns: 30547, Time: 02:50:02

Health: -9/191     AC: 17    Str: 10 (16) XL:     23   Next: 6%
Magic:  0/44       EV: 19    Int: 23 (26) God:    Ashenzari [*****.]
Gold:   1263       SH: 14    Dex: 10 (14) Spells: 2/56 levels left

rFire    + . .     SeeInvis +   a - staff of fire
rCold    + . .     Faith    .   h - +2 kite shield of Ashenzari's Chagrin {rF+, Fort, Self} (curse)
rNeg     + + +     Spirit   .   L - +3 troll leather armour of Ashenzari's Augurer {Regen+, Cun, Elem} (curse)
rPois    ∞         Reflect  .   A - +2 hat of the Sidereal Sage {Stlth+, Melee, Elem} (curse)
rElec    +         Harm     .   m - +0 cloak of Ashenzari's Portent {Elem, Cun} (curse)
rCorr    .         Rampage  .   j - +1 pair of gloves "Gaze Upon Infinity" {rElec rC- Will+++ SInv, Bglg, Comp} (curse)
Will     +++++     Clarity  +   f - +2 pair of boots "I Knew You'd Do That" {Melee, Elem} (curse)
Stlth    ++++......             s - amulet "Mistrust of the Ether" {RegenMP, Range, Melee} (curse)
HPRegen  1.41/turn              R - ring "Shattered With Me" {Int+6, Comp, Bglg} (curse)
MPRegen  0.54/turn              S - ring "Gaze Upon Infinity" {Wiz rElec rC+ rN+ Str+2, Melee, Evo} (curse)

@: marked, slowed, studying 2 skills, very slow
A: cold resistance 1, negative energy resistance 3, torment resistance,
unbreathing, heat vulnerability 1, in touch with death 1, no potions
}: 4/15 runes: decaying, serpentine, slimy, silver
a: Renounce Religion, Curse Item, Shatter the Chains


You were on level 3 of the Tomb of the Ancients.
You worshipped Ashenzari.
Ashenzari was extremely pleased with you.
You visited 11 branches of the dungeon, and saw 49 of its levels.
You also visited: Volcano.

You collected 5965 gold pieces.
You spent 4702 gold pieces at shops.

Inventory:

Hand Weapons
 N - the +3 sling "Punk" {acid, rCorr}
   (You took it off a naga warrior on level 4 of the Snake Pit)

   It provides partial protection from all sources of acid and corrosion.
Missiles
 c - 15 silver javelins (quivered)
 k - 12 curare-tipped darts
 G - 2 throwing nets {!f}
 K - 16 boomerangs
 M - 2 javelins
Armour
 f - the cursed +2 pair of boots "I Knew You'd Do That" (worn) {Melee, Elem}
   (You found it on level 1 of the Dungeon)

   It has a curse placed upon it.
 h - the cursed +2 kite shield of Ashenzari's Chagrin (worn) {rF+, Fort, Self}
   (You found it on level 1 of the Dungeon)

   It has a curse placed upon it.
 j - the cursed +1 pair of gloves "Gaze Upon Infinity" (worn) {rElec rC- Will+++ SInv, Bglg, Comp}
   (You found it on level 6 of the Dungeon)

   It makes you vulnerable to cold.
   It insulates you from electricity.
   It affects your willpower, your defense against some magical effects.
   It lets you see invisible.
   It has a curse placed upon it.
 m - the cursed +0 cloak of Ashenzari's Portent (worn) {Elem, Cun}
   (You found it on level 2 of the Dungeon)

   It has a curse placed upon it.
 A - the cursed +2 hat of the Sidereal Sage (worn) {Stlth+, Melee, Elem}
   (You took it off Gastronok on level 2 of the Lair of Beasts)

   It has a curse placed upon it.
 L - the cursed +3 troll leather armour of Ashenzari's Augurer (worn) {Regen+, Cun, Elem}
   (You found it on level 2 of the Orcish Mines)

   It increases your rate of regeneration.
   It has a curse placed upon it.
 O - the +10 chain mail "Hojy" {*Slow rElec rF+++}
   (You found it on level 1 of the Snake Pit)

   It renders you almost immune to fire.
   It insulates you from electricity.
   It may slow you when you take damage.
 W - a +2 pair of gloves of dexterity
   (You found it on level 5 of the Vaults)
Magical Staves
 a - a staff of fire (weapon)
   (You found it on level 5 of the Pits of Slime)
 t - a staff of air
   (You found it on level 3 of the Elven Halls)
 H - a staff of cold
   (You found it on level 6 of the Lair of Beasts)
Jewellery
 l - the amulet of Ashenzari's Generosity {Regen+ Dex+3}
   (You found it on level 3 of the Swamp)

   [amulet of regeneration]

   It affects your dexterity (+3).
   It increases your rate of regeneration.
 s - the cursed amulet "Mistrust of the Ether" (around neck) {RegenMP, Range, Melee}
   (You found it on level 1 of the Dungeon)

   [amulet of magic regeneration]

   It increases your magic regeneration.
   It has a curse placed upon it.
 z - the ring "Sevouh" {MP+9 Str+5 Dex-4}
   (You found it on level 3 of the Elven Halls)

   [ring of magical power]

   It affects your strength (+5).
   It affects your dexterity (-4).
   It affects your magic capacity (+9).
 R - the cursed ring "Shattered With Me" (left hand) {Int+6, Comp, Bglg}
   (You found it on level 5 of the Pits of Slime)

   [ring of intelligence]

   It affects your intelligence (+6).
   It has a curse placed upon it.
 S - the cursed ring "Gaze Upon Infinity" (right hand) {Wiz rElec rC+ rN+ Str+2, Melee, Evo}
   (You bought it in a shop on level 2 of the Orcish Mines)

   [ring of wizardry]

   It improves your spell success rate.
   It affects your strength (+2).
   It protects you from cold.
   It insulates you from electricity.
   It protects you from negative energy.
   It has a curse placed upon it.
 X - the ring of Dissent {*Corrode +Blink rPois Int+6}
   (You found it on level 1 of the Tomb of the Ancients)

   [ring of intelligence]

   It affects your intelligence (+6).
   It protects you from poison.
   It lets you blink.
   It may corrode you when you take damage.
Wands
 p - a wand of paralysis (19)
   (You took it off Psyche on level 10 of the Dungeon)
 q - a wand of random effects (4)
   (You took it off Terence on level 3 of the Dungeon)
 r - a wand of digging (10) {@v3}
   (You found it on level 3 of the Dungeon)
 w - a wand of acid (42) {@v1}
   (You found it on level 1 of the Lair of Beasts)
 x - a wand of flame (80) {@v4}
   (You found it on level 2 of the Lair of Beasts)
 D - a wand of mindburst (18)
   (You found it on level 3 of the Lair of Beasts)
 T - a wand of charming (9)
   (You took it off a deep elf zephyrmancer on level 3 of the Elven Halls)
 U - a wand of iceblast (3) {@v2}
   (You found it on level 5 of the Vaults)
Scrolls
 b - 3 scrolls of fear {!r}
 e - 2 scrolls of magic mapping {@r5 !r}
 i - 5 scrolls of teleportation {@r3 !r}
 n - 5 scrolls of immolation
 o - 2 scrolls of fog {!r}
 u - 2 scrolls of holy word
 v - a scroll of enchant armour
 C - a scroll of vulnerability
 E - 3 scrolls of summoning
 P - 2 scrolls of torment
Miscellaneous
 d - a condenser vane
   (You found it on level 9 of the Dungeon)
 y - a tin of tremorstones (inert)
   (You found it on level 2 of the Lair of Beasts)
 B - a phantom mirror
   (You found it on level 5 of the Pits of Slime)
 I - a box of beasts
   (You found it on level 6 of the Lair of Beasts)
 J - a lightning rod (4/4)
   (You found it on level 6 of the Lair of Beasts)
 Q - a phial of floods
   (You found it on level 5 of the Pits of Slime)


   Skills:
 + Level 18.3(22.8) Fighting
 - Level 4.5(15.0) Short Blades
 - Level 4.9(10.1) Throwing
 - Level 3.8(8.7) Armour
 + Level 10.4(18.1) Dodging
 - Level 3.2(10.0) Stealth
 + Level 9.1(14.3) Shields
 - Level 13.8(25.4) Unarmed Combat
 + Level 17.3(21.8) Spellcasting
 - Level 4.6(12.0) Conjurations
 - Level 10.0(17.7) Necromancy
 - Level 4.0(11.1) Translocations
 - Level 6.0 Transmutations
 - Level 12.1(23.8) Fire Magic
 - Level 12.3(24.0) Ice Magic
 - Level 4.0(14.2) Air Magic
 + Level 6.0(17.1) Earth Magic
 - Level 4.0(9.0) Evocations


You had 2 spell levels left.
You knew the following spells:

 Your Spells              Type           Power        Failure   Level
a - Apportation           Tloc           100%         1%          1
b - Shatter               Erth           40%          61%         9
c - Passage of Golubria   Tloc           N/A          1%          4
d - Ignition              Fire           58%          1%          8
e - Animate Dead          Necr           51%          0%          4
f - Irradiate             Conj/Tmut      30%          1%          5
g - Absolute Zero         Ice            47%          5%          9
h - Lee's Rapid Deconstr  Erth           40%          1%          5
i - Ozocubu's Refrigerat  Ice            47%          1%          7
p - Passwall              Tmut/Erth      56%          1%          2

Your spell library contained the following spells:

 Spells                   Type           Power        Failure   Level
 Animate Skeleton         Necr           100%         0%          1
 Foxfire                  Conj/Fire      100%         0%          1
 Freeze                   Ice            100%         0%          1
 Magic Dart               Conj           100%         0%          1
 Pain                     Necr           100%         0%          1
 Sandblast                Erth           100%         0%          1
 Shock                    Conj/Air       100%         0%          1
 Ensorcelled Hibernation  Hex/Ice        100%         0%          2
 Swiftness                Air            74%          0%          2
 Corona                   Hex            33%          1%          1
 Summon Small Mammal      Summ           100%         1%          1
 Searing Ray              Conj           100%         1%          2
 Conjure Flame            Conj/Fire      100%         0%          3
 Frozen Ramparts          Ice            100%         0%          3
 Ozocubu's Armour         Ice            94%          0%          3
 Stone Arrow              Conj/Erth      100%         0%          3
 Vampiric Draining        Necr           51%          0%          3
 Hailstorm                Conj/Ice       82%          0%          4
 Sticky Flame             Conj/Fire      100%         0%          4
 Confusing Touch          Hex            30%          1%          3
 Dazzling Flash           Conj/Hex       100%         1%          3
 Gell's Gravitas          Tloc           33%          1%          3
 Ignite Poison            Fire/Tmut/Pois 82%          1%          3
 Inner Flame              Hex/Fire       90%          1%          3
 Lesser Beckoning         Tloc           33%          1%          3
 Static Discharge         Conj/Air       71%          1%          3
 Teleport Other           Tloc           67%          1%          3
 Tukima's Dance           Hex            30%          1%          3
 Airstrike                Air            37%          1%          4
 Animate Armour           Summ/Erth      100%         1%          4
 Fulminant Prism          Conj/Hex       26%          1%          4
 Leda's Liquefaction      Hex/Erth       30%          1%          4
 Petrify                  Tmut/Erth      68%          1%          4
 Summon Ice Beast         Ice/Summ       70%          1%          4
 Summon Lightning Spire   Summ/Air       57%          1%          4
 Agony                    Necr           100%         1%          5
 Bolt of Magma            Conj/Fire/Erth 51%          1%          5
 Fireball                 Conj/Fire      51%          1%          5
 Lightning Bolt           Conj/Air       35%          1%          5
 Metabolic Englaciation   Hex/Ice        35%          1%          5
 Silence                  Hex/Air        28%          1%          5
 Conjure Ball Lightning   Conj/Air       35%          1%          6
 Death Channel            Necr           51%          1%          6
 Freezing Cloud           Conj/Ice/Air   40%          1%          6
 Iron Shot                Conj/Erth      37%          1%          6
 Simulacrum               Ice/Necr       55%          1%          6
 Starburst                Conj/Fire      51%          1%          6
 Cause Fear               Hex            15%          6%          4
 Yara's Violent Unravell  Hex/Tmut       20%          6%          5
 Alistair's Intoxication  Tmut/Pois      25%          8%          5
 Lehudib's Crystal Spear  Conj/Erth      37%          16%         8
 Chain Lightning          Conj/Air       35%          28%         8
 Malign Gateway           Summ/Tloc      26%          50%         7
 Fire Storm               Conj/Fire      51%          50%         9
 Invisibility             Hex            30%          61%         6
 Discord                  Hex            15%          100%        8
 Ice Form                 Ice/Tmut       Unusable     N/A         4
 Statue Form              Tmut/Erth      Unusable     N/A         6
 Hydra Form               Tmut           Unusable     N/A         6
 Dragon Form              Tmut           Unusable     N/A         7

Dungeon Overview and Level Annotations

Branches:
Dungeon (13/15)            Temple (1/1) D:4            Lair (6/6) D:10
  Swamp (4/4) Lair:3        Snake (4/4) Lair:2        Slime (5/5) Lair:5
    Orc (2/2) D:12            Elf (3/3) Orc:2        Vaults (5/5) D:13
  Crypt (3/3) Vaults:3       Tomb (3/3) Crypt:3     Volcano (visited)

Altars:
Ashenzari
Cheibriados
Dithmenos
Elyvilon
Fedhas
Gozag
Hepliaklqana
Kikubaaqudgha
Makhleb
Nemelex Xobeh
Okawaru
Qazlal
Ru
Sif Muna
Trog
Uskayaw
Vehumet
Wu Jian
Xom
Yredelemnul
Zin
The Shining One
Beogh
Jiyva

Shops:
D:6 *   Orc:1 !!*   Orc:2 =(:[*   Elf:1 *   Elf:2 ?   Elf:3 [   Vaults:3 !
Vaults:5 :

Annotations:
D:4 exclusion: oklob plant
D:6 1 runed translucent door
D:7 3 runed translucent doors, Zero's ghost, amateur FeCj; Zero's ghost, novice SpEn; abdbla's ghost, novice TrMo; dricus's ghost, novice DgAE; highc0's ghost, novice HaWr
Lair:2 exclusion: oklob plant
Lair:3 1 runed translucent door, highc0's ghost, journeyman HuFi
Swamp:3 Bai Suzhen
Snake:4 2 transporters, fly's ghost, adept TeAE
Elf:1 1 runed translucent door
Crypt:1 3 transporters
Tomb:1 exclusions: revenant and 1 more exclusion


Innate Abilities, Weirdness & Mutations

You are immune to poison.
Your flesh is cold resistant. (rC+)
You are immune to negative energy. (rN+++)
You are immune to unholy pain and torment.
You can survive without breathing.
You are vulnerable to heat. (rF-)
You are in touch with the powers of death.
You do not drink.


Message History

The death scarab bites you but does no damage.
The royal mummy mumbles some strange words.
The death scarab closely misses you. The death scarab barely misses you.
Okay, then.
Okay, then.
Unknown command.
Okay, then.
You can't drink.
Okay, then.
Okay, then.
Unknown command.
You can't drink.
Unknown command.
Okay, then.
Okay, then.
Toss (no damage): +4 eveningstar (spect)
Press: ? - help, Q - select action, (/) - cycle Shift-Dir - straight line, f - death scarab
Aim: a death scarab (purple smoke, summoned, 62% to hit)
You toss away a +4 spectral eveningstar.
The +4 spectral eveningstar hits the death scarab but does no damage.
Your surroundings suddenly seem different.
Your magical contamination has completely faded away.
Found twenty-six items.
Unknown command.
Unknown command.
Okay, then.
You can't drink.
Unknown command.
Found a phantom mirror.
You see here a tin of tremorstones (inert).
A flying skull comes into view.
A death scarab comes into view.
You see here a +2 antimagic demon trident.
Casting: Passage of Golubria (safe; 1% risk of failure)
Confirm with . or Enter, or press ? or * to list all spells.
Okay, then.
The death scarab misses you. x3
You see here a condenser vane.
Casting: Passage of Golubria (safe; 1% risk of failure)
Confirm with . or Enter, or press ? or * to list all spells.
You don't know that spell.
Casting: Passage of Golubria (safe; 1% risk of failure)
Confirm with . or Enter, or press ? or * to list all spells.
Aiming: Passage of Golubria (safe; 1% risk of failure)
Press: ? - help, Dir - move target You block the death scarab's attack.
The death scarab completely misses you. You block the death scarab's attack.
The death scarab misses you.
The skeletal warrior hits you with a +0 long sword.
* * * LOW HITPOINT WARNING * * *
The death scarab bites you but does no damage.
A flying skull comes into view.
The death scarab barely misses you. You block the death scarab's attack.
The skeletal warrior hits you with a +0 long sword!
* * * LOW HITPOINT WARNING * * *
Press: ? - help, v - describe, . - travel A passage of Golubria.
Press: ? - help, v - describe, . - travel, g - get item Item here: 22 gold pieces.
The floor.
Unknown command.
The death scarab barely misses you. The death scarab closely misses you.
You block the death scarab's attack. x2; The death scarab bites you!
* * * LOW HITPOINT WARNING * * *
The death scarab drains your vigour!
You feel as though you will be slow longer.
You block the death scarab's attack.
You see here a +4 ring of slaying.
You enter the passage of Golubria.
The guardian mummy enters a dispersal trap!
The royal mummy blinks!
You blink.
An ushabti comes into view.
A mummy priest comes into view.
Found a potion of mutation and a golden rune of Zot.
Unknown command.
You can't go down here!
Unknown command.
Really read
o - 3 scrolls of fog {!r}?
As you read the scroll of fog {!r}, it crumbles to dust.
The scroll dissolves into smoke.
A death scarab comes into view.
The death scarab waves its antennae.
The royal mummy gestures wildly while chanting.
You block the death scarab's attack. The royal mummy barely misses you.
The death scarab moves out of view.
Your passage of Golubria closes with a snap!
Okay, then.
Unknown command.
Okay, then.
Unknown command.
Okay, then.
Casting: Passage of Golubria (safe; 1% risk of failure)
Confirm with . or Enter, or press ? or * to list all spells.
Aiming: Passage of Golubria (safe; 1% risk of failure)
Press: ? - help, Dir - move target The death scarab completely misses you.
The death scarab bites you but does no damage.
The death scarab closely misses you. You block the death scarab's attack.
A death scarab comes into view.
The death scarab completely misses you.
The death scarab enters the passage of Golubria.
The death scarab bites you!
You die...

**,,,,,,,,,,,,^,******,,,........
*,,,,,,,,,,,,,,***###**,....^....
*,,,,,,,,,,,,,*###.φ###*.........
*,,,,,,,,,,,**##..^...##*#.§.....
^,,,,,,,,,,** #.......^####......
,,,,,,,,,,,* ##........####....^†
,,,,,,,,,.####.§§^......####.....
,,,,,,,,,!....§§M§......B.§B....†
,,,,,,,,,......B@B§.......§......
,^,,,,,,,......B§B§...B§......{.^
*,,,,,,,,......MBsB.M...§..s^...{
*,,,,,,,,.......§§§B.....§..{...§
**^,,,,,,...........{B.....M.{{.{
*,,,,,,,..^.8.......{.....^.....
**,,,,,,..........{{{...........
***,,,,.^........B{{{{§§.B.....
**+***,,,,,,,,,,,..M§..§###+#


You could see 2 royal mummies, an emperor scorpion (summoned), an ushabti and 7
death scarabs.

Vanquished Creatures
  the Royal Jelly (Slime:5)
  An ancient lich (Vaults:5)
  3 royal mummies
  A curse toe (Crypt:3)
  A profane servitor (Crypt:3)
  2 liches
  A tentacled monstrosity (Vaults:5)
  A deep elf blademaster (Elf:3)
  A quicksilver dragon (Vaults:5)
  A deep elf master archer (Elf:3)
  19 acid blobs
  4 titans
  15 ancient champions
  Gastronok (Lair:2)
  9 sphinxes
  2 storm dragons
  7 tengu reavers
  6 revenants
  10 azure jellies
  3 shadow dragons
  The ghost of Miemoat the Gelid, an adept DsIE of Sif Muna (Snake:3)
  A fire giant (Vaults:5)
  2 orc warlords
  Roxanne (Elf:2)
  8 nagarajas
  2 iron dragons
  11 deep elf sorcerers (Elf:3)
  8 vault wardens
  A frost giant (Vaults:5)
  Louise (Elf:3)
  10 ironheart preservers
  A caustic shrike skeleton (Crypt:1)
  4 deep elf elementalists (Elf:3)
  8 ghouls
  8 stone giants
  A vampire knight (Crypt:1)
  10 bennus
  7 deep elf demonologists
  4 deep elf annihilators
  6 bunyips
  2 spark wasps (shapeshifter) (Vaults:5)
  5 deep elf death magi
  2 eleionomae (Swamp:2)
  7 death oozes (Slime:5)
  2 ettins (Vaults:5)
  14 mummy priests
  A fire dragon (Vaults:4)
  3 jiangshi
  3 eidola
  A shambling mangrove (Swamp:4)
  9 yaktaur captains
  A deep elf high priest (Elf:3)
  6 great orbs of eyes
  An ice dragon (Vaults:5)
  Fannar (Lair:1)
  17 hydras
  2 rakshasas
  31 vault guards
  A ghost crab (Swamp:1)
  4 boulder beetles
  5 ogre magi
  3 centaur warriors
  13 naga warriors
  5 anacondas
  3 death knights
  20 two-headed ogres
  7 dancing weapons
  A deep troll shaman (Crypt:2)
  3 alligators
  42 death scarabs
  An orc high priest (Orc:2)
  9 shock serpents
  Urug (D:13)
  3 death yaks
  16 naga sharpshooters
  A shock serpent (shapeshifter) (Vaults:5)
  A soul eater (Crypt:2)
  8 vampire magi
  12 deep elf knights
  A hell knight (Volcano)
  4 goliath frogs
  27 skeletal warriors
  3 deep trolls (Vaults:5)
  9 deep elf archers
  2 unseen horrors
  A spriggan druid (Swamp:4)
  9 swamp dragons
  4 bog bodies
  10 naga ritualists
  11 ironbrand convokers
  7 phantasmal warriors
  8 orc knights
  A wolf spider zombie (D:12)
  A goliath frog zombie (Crypt:1)
  5 orc sorcerers
  20 deep elf pyromancers
  9 mana vipers
  A necromancer (Crypt:1)
  8 deep elf zephyrmancers
  3 ugly things
  A salamander (shapeshifter) (Elf:3)
  A wolf spider (Vaults:2)
  5 will-o-the-wisps
  A shadow dragon skeleton (Tomb:3)
  3 shining eyes
  2 cyclopes
  6 salamanders
  An iron dragon skeleton (Crypt:3)
  The ghost of highc0 the Slinger, a novice HaWr of Nemelex Xobeh (D:6)
  18 naga magi
  3 guardian serpents
  A moth of wrath (Snake:3)
  2 centaur zombies
  4 elephants (Lair:5)
  11 vault sentinels
  33 black mambas
  18 cane toads
  A centaur skeleton (D:12)
  A gargoyle (D:11)
  A cane toad (shapeshifter) (Vaults:4)
  2 molten gargoyles (Volcano)
  Maggie (Lair:2)
  A grey draconian zombie (Crypt:1)
  3 spectral deep trolls (Crypt:2)
  29 yaktaurs
  9 rime drakes
  11 komodo dragons
  Psyche (D:10)
  3 freezing wraiths
  A death yak skeleton (Crypt:3)
  21 guardian mummies
  A bloated husk (Swamp:1)
  6 trolls
  6 polar bears
  9 tyrant leeches
  7 hornets
  33 blink frogs
  Prince Ribbit (D:5)
  Grinder (D:4)
  45 slime creatures
  8 flying skulls
  3 spriggans (Swamp:1)
  A dire elephant simulacrum (Crypt:3)
  6 wraiths
  A shadow (D:13)
  An air elemental (Elf:3)
  A black mamba zombie (Crypt:1)
  4 wyverns
  2 vampires (Crypt:3)
  2 fire bats (Volcano)
  A water elemental (Elf:3)
  32 yaks
  4 ushabtiu (Tomb:1)
  2 basilisks
  A fire elemental (Elf:2)
  2 humans (D:8)
  2 steam dragons
  6 vampire mosquitoes (Lair:6)
  Menkaure (D:6)
  3 wargs
  38 nagas
  7 swamp worms
  An acid dragon (D:13)
  A soldier ant (shapeshifter) (Vaults:5)
  7 water moccasins
  3 sky beasts
  A hornet zombie (D:7)
  5 swamp drakes (Swamp:4)
  5 eyes of draining
  34 orc warriors
  An ettin simulacrum (Crypt:3)
  A black bear (D:9)
  3 ice beasts
  4 necrophages
  4 boggarts (Vaults:2)
  14 centaurs
  18 wolves
  29 ogres
  A phantom (D:6)
  A snapping turtle skeleton (Crypt:3)
  A fire crab zombie (Crypt:3)
  31 bullfrogs
  Blork the orc (D:5)
  An earth elemental (Elf:2)
  4 scorpions
  A snapping turtle simulacrum (Crypt:3)
  11 killer bees
  3 howler monkeys
  5 electric eels
  2 quasits
  6 lava snakes (Volcano)
  13 jellies
  28 orc priests
  A bullfrog zombie (D:9)
  5 hounds
  Crazy Yiuf (D:3)
  Ijyb (D:5)
  Terence (D:3)
  28 orc wizards
  13 worker ants
  2 iguanas
  A hell rat (D:10)
  A killer bee zombie (D:8)
  A hound zombie (D:10)
  23 mummies
  A worker ant zombie (D:10)
  6 gnolls
  16 adders
  A river rat (D:10)
  2 shadow imps
  A white imp (D:6)
  An ufetubus (D:7)
  An ooze (Lair:5)
  An adder zombie (D:7)
  An iguana zombie (Crypt:2)
  4 worms
  4 dart slugs
  3 leopard geckos
  100 orcs
  5 giant cockroaches
  11 goblins
  6 hobgoblins
  16 jackals
  2 quokkas
  A ball python (D:6)
  4 bats
  2 frilled lizards
  A giant cockroach zombie (D:6)
  A gnoll zombie (Crypt:1)
  2 hobgoblin zombies
  3 kobolds
  A kobold zombie (D:7)
  A leopard gecko skeleton (D:7)
  2 orc zombies (D:7)
  A quokka skeleton (D:7)
  3 rats
  2 blocks of ice
1552 creatures vanquished.

Vanquished Creatures (others)
  A tentacled monstrosity (Vaults:5)
  A vampire knight (Crypt:3)
  A deep elf zephyrmancer (Elf:2)
  2 bloated husks
  23 blocks of ice
  16 foxfires
  46 fungi
  135 plants
  10 toadstools (D:4)
235 creatures vanquished.

Grand Total: 1787 creatures vanquished

Notes
Turn   | Place    | Note
-------+----------+-------------------------------------------
     0 | D:1      | EnegeticOcto the Mummy Necromancer began the quest for the
                  | Orb.
     0 | D:1      | Reached XP level 1. HP: 13/13 MP: 4/4
     0 | D:1      | Upgraded the game from 0.27-a0-457-gba82baf56e to
                  | 0.27-a0-475-g4587593e40
   261 | D:1      | Reached XP level 2. HP: 18/19 MP: 1/5
   774 | D:2      | Reached skill level 5 in Necromancy
   774 | D:2      | Reached XP level 3. HP: 24/24 MP: 1/7
   779 | D:2      | Learned a level 3 spell: Vampiric Draining
   820 | D:2      | You fall into a shaft and drop 2 floors!
   999 | D:4      | Reached XP level 4. HP: 25/30 MP: 1/8
  1667 | D:3      | Learned a level 1 spell: Animate Skeleton
  1684 | D:3      | Reached skill level 6 in Necromancy
  2131 | D:2      | Reached XP level 5. HP: 31/35 MP: 2/9
  2896 | D:3      | Found a runed translucent door.
  2897 | D:3      | Noticed Crazy Yiuf
  3014 | D:3      | Noticed Terence
  3019 | D:3      | Killed Terence
  3020 | D:3      | Reached skill level 1 in Fighting
  3106 | D:3      | Reached skill level 7 in Necromancy
  3106 | D:3      | Reached XP level 6. HP: 44/44 MP: 1/10
  3136 | D:3      | Reached skill level 2 in Fighting
  3600 | D:3      | Learned a level 5 spell: Agony
  3603 | D:3      | Killed Crazy Yiuf
  3678 | D:4      | Reached skill level 3 in Spellcasting
  3858 | D:4      | Found a blossoming altar of Fedhas.
  3874 | D:4      | Noticed an oklob plant
  4139 | D:4      | Found a staircase to the Ecumenical Temple.
  4150 | Temple   | Entered the Ecumenical Temple
  4259 | Temple   | Became a worshipper of Ashenzari the Shackled
  4343 | D:4      | Reached skill level 3 in Fighting
  4343 | D:4      | Reached skill level 4 in Spellcasting
  4343 | D:4      | Reached XP level 7. HP: 40/52 MP: 3/13
  4473 | D:4      | Reached skill level 1 in Armour
  4567 | D:4      | Reached skill level 8 in Necromancy
  4740 | D:4      | Reached skill level 2 in Armour
  4931 | D:5      | Entered Level 5 of the Dungeon
  5009 | D:5      | Noticed Grinder
  5085 | D:4      | Killed Grinder
  5086 | D:4      | Reached skill level 1 in Evocations
  5086 | D:4      | Reached XP level 8. HP: 48/58 MP: 14/14
  5253 | D:5      | Noticed Ijyb
  5265 | D:5      | Killed Ijyb
  5454 | D:5      | Found a shimmering blue altar of Sif Muna.
  5456 | D:5      | Found a basalt altar of Yredelemnul.
  5457 | D:5      | Found a stormy altar of Qazlal.
  5479 | D:5      | Noticed Prince Ribbit
  5608 | D:5      | Found a glowing golden altar of the Shining One.
  5608 | D:5      | Found a burning altar of Makhleb.
  5637 | D:5      | Killed Prince Ribbit
  5744 | D:5      | Noticed Blork the orc
  5751 | D:5      | Killed Blork the orc
  5752 | D:5      | Reached skill level 4 in Fighting
  5752 | D:5      | Reached skill level 3 in Armour
  5752 | D:5      | Reached skill level 2 in Evocations
  5852 | D:5      | Reached skill level 9 in Necromancy
  5899 | D:5      | Reached * piety under Ashenzari
  5899 | D:5      | Identified the cursed +2 pair of boots "I Knew You'd Do
                  | That" {Melee, Elem} (You found it on level 1 of the
                  | Dungeon)
  5899 | D:5      | Identified the cursed +2 kite shield of Ashenzari's Chagrin
                  | {rF+, Fort, Self} (You found it on level 1 of the Dungeon)
  6045 | D:6      | Identified the +1 pair of gloves of Instinct {rElec rC-
                  | Will+++ SInv}
  6136 | D:6      | Found Xiblaoch's Lightly-Used Armoury.
  6180 | D:6      | Found a runed translucent door.
  6181 | D:6      | Noticed highc0's ghost (novice HaWr)
  6290 | D:6      | Noticed a two-headed ogre
  6360 | D:6      | Noticed Menkaure
  6363 | D:6      | Identified the +5 trident of Moagarub {vorpal, rElec rPois
                  | Dex+2}
  6368 | D:6      | Killed Menkaure
  6369 | D:6      | Reached skill level 1 in Short Blades
  6369 | D:6      | Reached skill level 1 in Shields
  6618 | D:6      | Killed a two-headed ogre
  6619 | D:6      | Reached skill level 2 in Short Blades
  6619 | D:6      | Reached skill level 2 in Shields
  6619 | D:6      | Reached skill level 3 in Evocations
  6619 | D:6      | Reached XP level 9. HP: 65/65 MP: 15/15
  6728 | D:6      | Found a runed translucent door.
  6756 | D:6      | Reached skill level 3 in Shields
  6901 | D:6      | Killed highc0's ghost
  6902 | D:6      | Reached skill level 10 in Necromancy
  6902 | D:6      | Reached skill level 4 in Evocations
  7030 | D:6      | Reached ** piety under Ashenzari
  7239 | D:7      | Reached skill level 4 in Shields
  7683 | D:7      | Reached skill level 3 in Short Blades
  7977 | D:7      | Reached skill level 5 in Fighting
  8147 | D:7      | Reached XP level 10. HP: 74/74 MP: 16/16
  8173 | D:7      | Found a runed translucent gate.
  8173 | D:7      | Found a runed translucent gate.
  8174 | D:7      | Found a runed translucent gate.
  8176 | D:7      | Noticed dricus's ghost (novice DgAE)
  8177 | D:7      | Noticed Zero's ghost (amateur FeCj)
  8177 | D:7      | Noticed abdbla's ghost (novice TrMo)
  8177 | D:7      | Noticed Zero's ghost (novice SpEn)
  8177 | D:7      | Noticed highc0's ghost (novice HaWr)
  8371 | D:7      | Identified the +7 short sword of Slime {flame, rElec
                  | Stlth+}
  8659 | D:8      | Found an iron altar of Okawaru.
  8761 | D:8      | Reached *** piety under Ashenzari
  8761 | D:8      | Identified the cursed quicksilver dragon scales "Levity of
                  | Ashenzari" {Will+, Cun, Self} (You found it on level 2 of
                  | the Dungeon)
  8761 | D:8      | Identified the cursed amulet "Mistrust of the Ether"
                  | {RegenMP, Range, Melee} (You found it on level 1 of the
                  | Dungeon)
  9094 | D:8      | Reached skill level 2 in Dodging
  9382 | D:8      | Reached skill level 5 in Shields
  9474 | D:9      | Reached skill level 4 in Short Blades
  9617 | D:9      | Noticed an unseen horror
  9634 | D:9      | Killed an unseen horror
  9635 | D:9      | Reached skill level 3 in Dodging
  9635 | D:9      | Reached skill level 1 in Air Magic
  9745 | D:9      | Noticed a two-headed ogre
  9779 | D:9      | Killed a two-headed ogre
  9780 | D:9      | Reached skill level 2 in Air Magic
 10003 | D:9      | Reached skill level 6 in Shields
 10030 | D:9      | Reached skill level 4 in Dodging
 10169 | D:9      | Noticed a two-headed ogre
 10196 | D:9      | Killed a two-headed ogre
 10197 | D:9      | Reached skill level 3 in Air Magic
 10197 | D:9      | Reached XP level 11. HP: 63/80 MP: 4/17
 10230 | D:9      | Reached **** piety under Ashenzari
 10230 | D:9      | Identified the cursed +0 cloak of Ashenzari's Portent
                  | {Elem, Cun} (You found it on level 2 of the Dungeon)
 10443 | D:9      | Learned a level 4 spell: Airstrike
 10445 | D:10     | Entered Level 10 of the Dungeon
 10744 | D:10     | Found a staircase to the Lair.
 10745 | D:10     | Noticed a death yak
 10747 | D:10     | Noticed a death yak
 10749 | D:10     | Noticed Psyche
 10754 | D:10     | Killed Psyche
 10754 | D:10     | Noticed a death yak
 10755 | D:10     | Reached skill level 2 in Stealth
 10800 | D:10     | Killed a death yak
 10801 | D:10     | Reached skill level 4 in Air Magic
 10840 | D:9      | Killed a death yak
 10841 | D:9      | Reached skill level 3 in Stealth
 10926 | D:9      | Killed a death yak
 10927 | D:9      | Reached skill level 7 in Shields
 11659 | Lair:1   | Entered Level 1 of the Lair of Beasts
 11728 | Lair:1   | Reached skill level 6 in Fighting
 11809 | Lair:1   | Noticed Fannar
 11840 | Lair:1   | Killed Fannar
 11841 | Lair:1   | Reached skill level 7 in Fighting
 11953 | Lair:1   | Noticed a five-headed hydra
 11976 | Lair:1   | Killed a five-headed hydra
 12199 | Lair:1   | Reached skill level 8 in Fighting
 12227 | Lair:1   | Reached skill level 1 in Unarmed Combat
 12284 | Lair:1   | Reached ***** piety under Ashenzari
 12284 | Lair:1   | Identified the cursed ring "Overhang to Understand" {SInv,
                  | Fort, Melee} (You found it on level 5 of the Dungeon)
 12284 | Lair:1   | Identified the cursed +5 rapier "Restrained Henotheism"
                  | {speed, Melee, Self} (You found it on level 5 of the
                  | Dungeon)
 12521 | Lair:2   | Reached skill level 2 in Unarmed Combat
 12541 | Lair:2   | Reached XP level 12. HP: 93/93 MP: 18/18
 12550 | Lair:2   | Reached skill level 3 in Unarmed Combat
 12767 | Lair:2   | Reached skill level 4 in Unarmed Combat
 12806 | Lair:2   | Noticed a five-headed hydra
 12811 | Lair:2   | Noticed Maggie
 12833 | Lair:2   | Killed Maggie
 12834 | Lair:2   | Reached skill level 5 in Unarmed Combat
 12840 | Lair:2   | Killed a five-headed hydra
 12981 | Lair:2   | Noticed Gastronok
 13054 | Lair:2   | Reached skill level 6 in Unarmed Combat
 13301 | Lair:2   | Found a staircase to the Snake Pit.
 13816 | Lair:2   | Killed Gastronok
 13817 | Lair:2   | Reached skill level 7 in Unarmed Combat
 13823 | Lair:2   | Reached ****** piety under Ashenzari
 13823 | Lair:2   | Identified the cursed ring of the Prescient Idealism
                  | {rCorr, Evo, Comp} (You found it on level 8 of the Dungeon)
 13823 | Lair:2   | Identified the cursed +2 hat of the Sidereal Sage {Stlth+,
                  | Melee, Elem} (You took it off Gastronok on level 2 of the
                  | Lair of Beasts)
 14053 | Lair:3   | Reached skill level 8 in Unarmed Combat
 14142 | Lair:3   | Noticed highc0's ghost (journeyman HuFi)
 14149 | Lair:3   | Identified the +5 spear "Baun" {flame, Int+4}
 14159 | Lair:3   | Found a runed translucent door.
 14560 | Lair:3   | Found a staircase to the Swamp.
 14797 | Lair:4   | Noticed a five-headed hydra
 14852 | Lair:4   | Reached skill level 9 in Unarmed Combat
 14951 | Lair:4   | Killed a five-headed hydra
 14971 | Lair:4   | Gained mutation: You are in touch with the powers of death.
                  | [Mummy growth]
 14971 | Lair:4   | Reached XP level 13. HP: 84/98 MP: 19/19
 15485 | Lair:5   | Learned a level 2 spell: Passwall
 15492 | Lair:5   | Found a dark tunnel.
 15500 | Volcano  | Entered a volcano
 15672 | Volcano  | Found a bloodstained altar of Trog.
 15684 | Volcano  | Reached skill level 10 in Unarmed Combat
 16176 | Lair:5   | Reached skill level 11 in Unarmed Combat
 16298 | Lair:5   | Found a staircase to the Slime Pits.
 16725 | Lair:6   | Entered Level 6 of the Lair of Beasts
 16910 | Lair:6   | Reached skill level 12 in Unarmed Combat
 17355 | Lair:6   | Reached XP level 14. HP: 105/105 MP: 20/20
 17460 | Lair:6   | Reached skill level 13 in Unarmed Combat
 18830 | D:12     | Reached skill level 1 in Fire Magic
 19076 | D:12     | Found a staircase to the Orcish Mines.
 19092 | Orc:1    | Entered Level 1 of the Orcish Mines
 19218 | Orc:2    | Entered Level 2 of the Orcish Mines
 19218 | Orc:2    | Noticed an orc warlord
 19235 | Orc:1    | Killed an orc warlord
 19236 | Orc:1    | Reached skill level 2 in Fire Magic
 19252 | Orc:2    | Reached skill level 3 in Fire Magic
 19279 | Orc:2    | Found a staircase to the Elven Halls.
 19311 | Orc:2    | Found Muadgh's Jewellery Shoppe.
 19426 | Orc:2    | Reached skill level 4 in Fire Magic
 19469 | Orc:2    | Noticed an orc warlord
 19492 | Orc:2    | Killed an orc warlord
 19493 | Orc:2    | Reached skill level 1 in Throwing
 19495 | Orc:2    | Found Sasulu's Antique Weapon Boutique.
 19563 | Orc:2    | Reached skill level 2 in Throwing
 19646 | Orc:2    | Reached skill level 5 in Fire Magic
 19665 | Orc:2    | Found a roughly hewn altar of Beogh.
 19668 | Orc:2    | Found Wimu's Book Boutique.
 19715 | Orc:2    | Found Otov's General Store.
 19722 | Orc:2    | Bought a scroll of blinking for 112 gold pieces
 19731 | Orc:2    | Found Vuin's Antique Armour Boutique.
 19770 | Orc:2    | Bought a book of Cantrips for 280 gold pieces
 19770 | Orc:2    | Bought a book of Burglary for 1050 gold pieces
 19775 | Orc:2    | Learned a level 1 spell: Apportation
 19780 | Orc:2    | Learned a level 4 spell: Passage of Golubria
 19909 | Orc:1    | Found Ryza's Distillery.
 19909 | Orc:1    | Found Jibbicu's General Store.
 19909 | Orc:1    | Found Qifu's Distillery.
 19946 | Orc:1    | Reached skill level 3 in Throwing
 19948 | Orc:1    | Reached skill level 1 in Translocations
 20478 | Swamp:1  | Entered Level 1 of the Swamp
 20755 | Snake:1  | Entered Level 1 of the Snake Pit
 20761 | Snake:1  | Reached skill level 2 in Translocations
 20804 | Snake:2  | Noticed a nagaraja
 20837 | Snake:2  | Noticed a nagaraja
 20842 | Snake:2  | Killed a nagaraja
 20843 | Snake:2  | Reached skill level 3 in Translocations
 20843 | Snake:2  | Reached XP level 15. HP: 88/110 MP: 21/21
 20861 | Snake:2  | Killed a nagaraja
 20954 | Snake:3  | Reached skill level 4 in Throwing
 20965 | Snake:3  | Reached skill level 6 in Fire Magic
 20971 | Snake:3  | Reached skill level 4 in Translocations
 21211 | Snake:2  | Reached skill level 5 in Spellcasting
 21234 | Snake:3  | Found a transporter.
 21237 | Snake:3  | Noticed Miemoat's ghost (adept DsIE)
 21254 | Snake:3  | Identified the ring "Kevvuoj" {Wiz Will++ Dex+4 Slay-5}
 21265 | Snake:3  | Found a transporter.
 21298 | Snake:3  | Reached skill level 7 in Fire Magic
 21386 | Snake:2  | Reached skill level 9 in Fighting
 21403 | Snake:2  | Reached skill level 6 in Spellcasting
 21623 | Snake:4  | Entered Level 4 of the Snake Pit
 21673 | Snake:4  | Reached skill level 7 in Spellcasting
 21723 | Snake:4  | Identified the +0 robe "Hero's Friend" {rElec}
 21725 | Snake:4  | Found a transporter.
 21727 | Snake:4  | Noticed fly's ghost (adept TeAE)
 21729 | Snake:4  | Identified the ring "Hauteboxt" {+Fly rElec rPois Will++
                  | Int-2}
 21780 | Snake:4  | Reached skill level 8 in Fire Magic
 21793 | Snake:4  | Learned a level 8 spell: Ignition
 21807 | Snake:4  | Found a transporter.
 21938 | Snake:4  | Noticed a nagaraja
 21943 | Snake:4  | Reached skill level 10 in Fighting
 21947 | Snake:4  | Reached XP level 16. HP: 122/122 MP: 11/27
 21960 | Snake:4  | Reached skill level 8 in Spellcasting
 22170 | Snake:4  | Reached skill level 9 in Spellcasting
 22353 | Snake:4  | Reached skill level 9 in Fire Magic
 22432 | Snake:4  | Reached skill level 11 in Fighting
 22499 | Snake:4  | Got a serpentine rune of Zot
 22524 | Snake:4  | Reached skill level 10 in Spellcasting
 22580 | Snake:3  | Killed Miemoat's ghost
 22635 | Snake:1  | Identified the +10 chain mail "Hojy" {*Slow rElec rF+++}
 22835 | Lair:3   | Learned a level 4 spell: Airstrike
 22948 | Swamp:1  | Reached skill level 11 in Spellcasting
 23016 | Swamp:2  | Reached skill level 5 in Dodging
 23056 | Swamp:3  | Reached skill level 10 in Fire Magic
 23116 | Swamp:3  | Reached XP level 17. HP: 133/133 MP: 32/32
 23118 | Swamp:3  | Noticed Bai Suzhen
 23120 | Swamp:3  | Identified the amulet of Ashenzari's Generosity {Regen+
                  | Dex+3}
 23123 | Swamp:4  | Entered Level 4 of the Swamp
 23191 | Swamp:4  | Reached skill level 12 in Fighting
 23337 | Swamp:4  | Found a shadowy altar of Dithmenos.
 23367 | Swamp:4  | Got a decaying rune of Zot
 23385 | Swamp:4  | Reached skill level 6 in Dodging
 23571 | Slime:1  | Entered Level 1 of the Pits of Slime
 23571 | Slime:1  | Noticed an acid blob
 23573 | Slime:1  | Noticed an acid blob
 23612 | Lair:5   | Reached skill level 12 in Spellcasting
 23662 | Lair:5   | Killed an acid blob
 23725 | Slime:1  | Killed an acid blob
 23860 | Slime:5  | Entered Level 5 of the Pits of Slime
 23915 | Slime:5  | Noticed an acid blob
 23920 | Slime:5  | Noticed an acid blob
 23983 | Slime:4  | Noticed an acid blob
 23993 | Slime:4  | Killed an acid blob
 24012 | Slime:5  | Killed an acid blob
 24062 | Slime:5  | Noticed an acid blob
 24075 | Slime:5  | Killed an acid blob
 24088 | Slime:5  | Noticed an acid blob
 24098 | Slime:5  | Killed an acid blob
 24118 | Slime:5  | Noticed an acid blob
 24128 | Slime:5  | Killed an acid blob
 24129 | Slime:5  | Reached skill level 7 in Dodging
 24129 | Slime:5  | Killed an acid blob
 24130 | Slime:5  | Reached skill level 13 in Fighting
 24130 | Slime:5  | Reached skill level 11 in Fire Magic
 24261 | Slime:5  | Identified the ring of Homuisave {*Drain rPois rN++ Str+2}
 24262 | Slime:5  | Identified the +1 chain mail of Mieczili {rPois Int-4
                  | Dex+8}
 24262 | Slime:5  | Found a viscous altar of Jiyva.
 24263 | Slime:5  | Identified the +3 plate armour "Gaul" {rElec rC++ rN+
                  | Dex-2}
 24268 | Slime:5  | Identified the Incunabulum of Conjuration
 24363 | Slime:5  | Noticed an acid blob
 24387 | Slime:5  | Reached skill level 13 in Spellcasting
 24424 | Slime:5  | Killed an acid blob
 24425 | Slime:5  | Reached XP level 18. HP: 125/143 MP: 35/35
 24446 | Slime:5  | Noticed the Royal Jelly
 24452 | Slime:5  | Killed the Royal Jelly
 24485 | Slime:5  | Got a slimy rune of Zot
 24722 | Orc:2    | Bought the ring of Zacoille {Wiz rElec rC+ rN+ Str+2} for
                  | 831 gold pieces
 24740 | Elf:1    | Entered Level 1 of the Elven Halls
 24794 | Elf:2    | Noticed Roxanne
 24816 | Elf:2    | Killed Roxanne
 24859 | Elf:3    | Entered Level 3 of the Elven Halls
 24893 | Elf:3    | Reached skill level 8 in Dodging
 24959 | Elf:3    | Found Jacairont's Armour Shop.
 25052 | Elf:3    | Reached skill level 14 in Spellcasting
 25219 | Elf:3    | Reached skill level 14 in Fighting
 25222 | Elf:3    | Noticed Louise
 25226 | Elf:3    | Killed Louise
 25228 | Elf:3    | Reached skill level 12 in Fire Magic
 25236 | Elf:3    | Reached skill level 9 in Dodging
 25255 | Elf:3    | Identified the +6 lajatang "Earthworm" {venom, rC+ Str-3
                  | Int+3}
 25302 | Elf:3    | Identified the Incunabulum of the Guild-Master
 25329 | Elf:3    | Identified the +6 great mace "Kixzaush" {protect, *Contam
                  | +Inv rF+ Str+4}
 25330 | Elf:3    | Identified the Tome of the Land of Plenty
 25330 | Elf:3    | Identified the +0 robe of Summer {*Corrode rC+ rN++ Stlth+}
 25370 | Elf:3    | Identified the ring "Sevouh" {MP+9 Str+5 Dex-4}
 25466 | Elf:3    | Found a radiant altar of Vehumet.
 25479 | Elf:3    | Reached XP level 19. HP: 94/152 MP: 21/37
 25494 | Elf:2    | Reached skill level 1 in Ice Magic
 25518 | Elf:2    | Found Nees's Magic Scroll Shoppe.
 25545 | Elf:2    | Bought a scroll of fog for 34 gold pieces
 25545 | Elf:2    | Bought a scroll of magic mapping for 59 gold pieces
 25545 | Elf:2    | Bought a scroll of enchant armour for 127 gold pieces
 25545 | Elf:2    | Bought a scroll of blinking for 127 gold pieces
 25545 | Elf:2    | Bought a scroll of fog for 34 gold pieces
 25561 | Elf:1    | Found Zujotyuz's Assorted Antiques.
 25565 | Elf:1    | Bought a scroll of blinking for 172 gold pieces
 25576 | Elf:1    | Found a runed translucent gate.
 25610 | Elf:1    | Identified the cursed ring "Shattered With Me" {Int+6,
                  | Comp, Bglg} (You found it on level 5 of the Pits of Slime)
 25617 | Elf:1    | Learned a level 5 spell: Irradiate
 25621 | Elf:1    | Learned a level 3 spell: Ozocubu's Armour
 25831 | D:13     | Noticed Urug
 25832 | D:13     | Found a gate to the Vaults.
 25834 | D:13     | Reached skill level 1 in Conjurations
 25834 | D:13     | Reached skill level 1 in Transmutations
 25841 | D:13     | Killed Urug
 25862 | Vaults:1 | Entered Level 1 of the Vaults
 25879 | Vaults:1 | Reached skill level 15 in Spellcasting
 25879 | Vaults:1 | Reached skill level 2 in Transmutations
 25926 | Vaults:1 | Reached skill level 2 in Conjurations
 26197 | Vaults:2 | Reached skill level 3 in Conjurations
 26197 | Vaults:2 | Reached skill level 3 in Transmutations
 26460 | Vaults:3 | Reached skill level 15 in Fighting
 26514 | Vaults:4 | Reached skill level 4 in Conjurations
 26514 | Vaults:4 | Reached skill level 4 in Transmutations
 26543 | Vaults:5 | Entered Level 5 of the Vaults
 26546 | Vaults:5 | Reached skill level 16 in Spellcasting
 26555 | Vaults:4 | Reached skill level 5 in Transmutations
 26587 | Vaults:3 | Found Gecuabiu's Distillery.
 26637 | Vaults:2 | Reached skill level 1 in Earth Magic
 26637 | Vaults:2 | Reached XP level 20. HP: 163/163 MP: 18/40
 26698 | Vaults:3 | Learned a level 5 spell: Lee's Rapid Deconstruction
 26788 | Vaults:3 | Found a staircase to the Crypt.
 26808 | Vaults:3 | Reached skill level 2 in Ice Magic
 26814 | Crypt:1  | Entered Level 1 of the Crypt
 26855 | Crypt:1  | Found a transporter.
 26861 | Crypt:1  | Found a transporter.
 26872 | Crypt:1  | Identified the +1 cloak of Onodwula {Str+2}
 26874 | Crypt:1  | Found a transporter.
 26909 | Crypt:2  | Reached skill level 2 in Earth Magic
 26916 | Crypt:2  | Reached skill level 3 in Ice Magic
 26929 | Crypt:2  | Reached skill level 6 in Transmutations
 27136 | Crypt:3  | Entered Level 3 of the Crypt
 27184 | Crypt:3  | Reached skill level 4 in Ice Magic
 27192 | Crypt:3  | Learned a level 7 spell: Ozocubu's Refrigeration
 27293 | Crypt:3  | Reached skill level 5 in Ice Magic
 27468 | Crypt:3  | Reached skill level 16 in Fighting
 27474 | Crypt:3  | Reached skill level 6 in Ice Magic
 27551 | Crypt:3  | Noticed a curse toe
 27568 | Crypt:3  | Killed a curse toe
 27571 | Crypt:3  | Noticed a profane servitor
 27588 | Crypt:3  | Killed a profane servitor
 27589 | Crypt:3  | Reached skill level 7 in Ice Magic
 27601 | Crypt:3  | Found a basalt altar of Yredelemnul.
 27606 | Crypt:3  | Found an ancient bone altar of Kikubaaqudgha.
 27608 | Crypt:3  | Identified the +9 hunting sling of Sycaluoh {flame, rElec
                  | Str+3 Dex+2 SInv}
 27825 | Vaults:5 | Reached skill level 8 in Ice Magic
 27882 | Vaults:5 | Reached XP level 21. HP: 119/172 MP: 18/41
 27972 | Vaults:5 | Reached skill level 9 in Ice Magic
 28188 | Vaults:5 | Reached skill level 17 in Fighting
 28188 | Vaults:5 | Reached skill level 10 in Ice Magic
 28422 | Vaults:5 | Identified the +3 trident "Koon" {vorpal, rF+ Str+9 Int+2
                  | Dex-5}
 28439 | Vaults:5 | Reached skill level 11 in Ice Magic
 28483 | Vaults:5 | Identified a scroll of acquirement
 28494 | Vaults:5 | Found Kimiuq's Book Boutique.
 28511 | Vaults:5 | Identified the Volume of the Foremost Nightmares
 28518 | Vaults:5 | Acquired 922 gold pieces
 28520 | Vaults:5 | Bought a book of Annihilations for 1876 gold pieces
 28531 | Vaults:5 | Learned a level 9 spell: Absolute Zero
 28562 | Vaults:5 | Noticed an ancient lich
 28571 | Vaults:5 | Killed an ancient lich
 28778 | Vaults:5 | Reached skill level 3 in Earth Magic
 28864 | Vaults:5 | Got a silver rune of Zot
 29152 | Crypt:3  | Found a staircase to the Tomb.
 29200 | Tomb:1   | Entered Level 1 of the Tomb of the Ancients
 29213 | Tomb:1   | Reached XP level 22. HP: 183/183 MP: 34/42
 29219 | Tomb:1   | Noticed a royal mummy
 29298 | Tomb:1   | Noticed a royal mummy
 29320 | Tomb:1   | Reached skill level 12 in Ice Magic
 29424 | Tomb:1   | Noticed a royal mummy
 29453 | Tomb:1   | Noticed a royal mummy
 29474 | Tomb:1   | Killed a royal mummy
 29481 | Tomb:1   | Reached skill level 4 in Earth Magic
 29552 | Tomb:1   | Reached skill level 8 in Shields
 29680 | Tomb:1   | Noticed a royal mummy
 29687 | Tomb:1   | Identified the ring of Dissent {*Corrode +Blink rPois
                  | Int+6}
 29730 | Tomb:1   | Noticed a royal mummy
 29730 | Tomb:1   | Noticed a royal mummy
 29734 | Tomb:1   | Noticed a royal mummy
 29748 | Tomb:1   | Noticed a royal mummy
 29831 | Tomb:2   | Noticed a royal mummy
 29832 | Tomb:2   | Noticed a royal mummy
 29863 | Tomb:2   | Noticed a royal mummy
 29869 | Tomb:2   | Identified the +1 robe "Wink" {+Fly rElec Str+5}
 29875 | Tomb:2   | Reached skill level 18 in Fighting
 29933 | Tomb:2   | Noticed a royal mummy
 30096 | Tomb:3   | Entered Level 3 of the Tomb of the Ancients
 30109 | Tomb:3   | Learned a level 4 spell: Animate Dead
 30142 | Tomb:3   | Reached skill level 5 in Earth Magic
 30146 | Tomb:3   | Reached skill level 10 in Dodging
 30151 | Tomb:3   | Reached skill level 17 in Spellcasting
 30152 | Tomb:3   | Noticed a royal mummy
 30156 | Tomb:3   | Noticed a royal mummy
 30156 | Tomb:3   | Noticed a royal mummy
 30156 | Tomb:3   | Noticed a royal mummy
 30158 | Tomb:3   | Found the +10 dark maul {vorpal}
 30219 | Tomb:2   | Learned a level 9 spell: Shatter
 30223 | Tomb:2   | Paralysed by you for 2 turns
 30226 | Tomb:2   | Paralysed by you for 2 turns
 30381 | Tomb:2   | Paralysed by you for 2 turns
 30507 | Tomb:3   | Killed a royal mummy
 30509 | Tomb:3   | Killed a royal mummy
 30510 | Tomb:3   | Reached skill level 9 in Shields
 30512 | Tomb:3   | Noticed a royal mummy
 30513 | Tomb:3   | Noticed a royal mummy
 30521 | Tomb:3   | Reached XP level 23. HP: 64/191 MP: 3/44
 30525 | Tomb:3   | Reached skill level 6 in Earth Magic
 30531 | Tomb:3   | Noticed a royal mummy
 30535 | Tomb:3   | Noticed a royal mummy
 30540 | Tomb:3   | Identified the +6 spear of Turor {drain, +Blink rC+ Int+4
                  | Stlth+}
 30540 | Tomb:3   | Identified the +3 plate armour of Gagyesh {SInv}
 30540 | Tomb:3   | Identified the Volume of Cold
 30540 | Tomb:3   | Identified the +8 plate armour of Contentment {rN+ SInv}
 30543 | Tomb:3   | HP: 6/191 [skeletal warrior/+0 long sword (10)]
 30544 | Tomb:3   | HP: 1/191 [death scarab (7)]
 30547 | Tomb:3   | Mangled by a death scarab

Illustrated notes

Levels and vault maps discovered:
D:1:      lightli_arrival_maybe_door_vault, layout_basic, st_stairs_13
D:2:      layout_loops_cross, minmay_pentomino_pile
D:3:      layout_basic, serial_aquarium, aquarium_bridge_square
          [aquarium_subvault_bridge, aquarium_subvault_wall,
          aquarium_subvault_bridge, aquarium_subvault_window],
          aquarium_window_1, aquarium_window_1, aquarium_view_2e,
          aquarium_pool_corner, uniq_crazy_yiuf_cottage, uniq_terence
D:4:      layout_gridville, temple_doors_e, tgw_fedhas
D:5:      layout_loops_corners, grunt_temple_overflow_open, uniq_ijyb,
          uniq_blork_the_orc, uniq_prince_ribbit1, uniq_grinder
D:6:      layout_basic, ebering_ghost_sewer_f, minmay_shop_damaged,
          uniq_menkaure
D:7:      layout_basic, gammafunk_ghost_cemetery, minmay_mini_ossuary
D:8:      layout_basic, okawaru_humans
D:9:      layout_rooms, chequers_arboretum
D:10:     layout_basic, dpeg_lair_monsters, uniq_psyche
D:11:     layout_basic, item_on_display_a
D:12:     layout_roguey, erik_orc_4, serial_co_window_serial, co_window_paths_a,
          co_window_corner_a, co_window_paths_b, co_window_corner_a,
          co_window_corner_a, co_window_broadway_b, co_window_corner_b,
          co_window_corner_b, co_window_corner_b, co_window_2corner,
          co_window_paths_d, co_window_paths_e, glass_columns_a
D:13:     layout_irregular_city, lightli_vaults_fourway_checkpoint, basic_altar,
          uniq_maurice, uniq_urug, uniq_erolcha
Temple:   minmay_temple_bridge_d
Lair:1:   layout_cave_shapes, serial_bayou_lagoon_b, uniq_fannar
Lair:2:   layout_cave_pods, guppyfry_snake_entry_island,
          minmay_lair_oklob_bushes, cheibrodos_lair_lostbears, uniq_maggie,
          uniq_gastronok
Lair:3:   layout_gridlike, swamp_mist_pool, ebering_ghost_funeral_grove,
          serial_bayou_shore_a, serial_bayou_shore_b
Lair:4:   layout_gridlike
Lair:5:   layout_regular_city, minmay_slime_entry_jelly_boxes,
          nicolae_volcano_entry_hallway
Lair:6:   minmay_lair_end_frog_pond, layout_regular_city,
          infiniplex_staircase_pool_2, serial_bayou_shore_b
Swamp:1:  layout_basic_swamp, nicolae_swamp_little_tower, swamp_pool1
Swamp:2:  layout_basic_swamp, evilmike_swamp_ruin_house_5
Swamp:3:  nzn_winding_woodlands_three_and_one
          [nzn_winding_woodlands_5x15_jagged,
          nzn_winding_woodlands_5x15_crooked,
          nzn_winding_woodlands_5x15_default,
          nzn_winding_woodlands_center_lodge], layout_basic_swamp,
          nicolae_swamp_stair_fork, swamp_pool4, lightli_tree_ring,
          uniq_bai_suzhen
Swamp:4:  swamp_alternative, layout_basic_swamp, lemuel_altar_in_water2
Snake:1:  layout_grid_shapes
Snake:2:  layout_rooms, hangedman_snake_pattern, grunt_ministairs_13, drop_trap
Snake:3:  layout_rooms, gammafunk_ghost_berserking_beasts
Snake:4:  snake_pit, layout_cave_town, gammafunk_ghost_berserking_beasts,
          basic_altar, lemuel_fruit_tree
Slime:1:  layout_caves
Slime:2:  layout_caves
Slime:3:  layout_caves
Slime:4:  cheibrodos_slime_lost_civilization_2, layout_caves,
          nicolae_slime_phagocytosis
Slime:5
Orc:1:    layout_diamond_mine, serial_shops, nicolae_shop_statue_plus,
          nicolae_shop_stone, shop
Orc:2:    grunt_orc_cross, layout_caves, serial_shops, nicolae_shop_crystal
Elf:1:    layout_loops_corners, serial_shops, nicolae_shop_behind_doors,
          orc_legates
Elf:2:    layout_loops_corners, serial_shops, shop, grunt_ministairs_15,
          uniq_roxanne, uniq_nikola
Elf:3:    minmay_elf_hall_spiked, layout_loops_cross, serial_shops,
          nicolae_shop_stone, basic_altar, uniq_louise
Vaults:1: hangedman_vaults_pinch, hangedman_vaults_snaps,
          nicolae_vaults_yaktaur_gun_rack, hangedman_vaults_trim,
          nicolae_vaults_murderbox, vaults_room_fancy_cross,
          nicolae_vaults_mini_display_case, vaults_dpeg_ring,
          layout_vaults_omnigrid
Vaults:2: nicolae_vaults_triangles, v_misc_1, v_alt_pattern_2, v_misc_8,
          ontoclasm_vaults_twist, hangedman_vaults_stretched_pinwheel,
          nicolae_vaults_network_barrier, nicolae_vaults_halls_meeting,
          dpeg_vaults_monster_box, grunt_vaults_twisty, v_misc_15,
          layout_vaults_omnibox
Vaults:3: minmay_crypt_entry_simple_walls, vaults_dpeg_cross, v_misc_29,
          nicolae_vaults_big_ls, vaults_room_ringed_pool, v_rooms_6,
          nicolae_vaults_display_case, v_misc_15, vaults_room_pool,
          vaults_room_hallway, hangedman_vaults_cutoff, v_misc_5, v_pattern_4,
          nicolae_vaults_bisected_slash, ontoclasm_vaults_gateway,
          layout_vaults_big_cross, serial_shops, shop
Vaults:4: nicolae_vaults_rhombus_7, v_alt_pattern_6,
          nicolae_vaults_little_squares_3, ontoclasm_vaults_loading_screen,
          grunt_vaults_hallway_long, ontoclasm_vaults_ring_square,
          nicolae_vaults_little_squares_2, grunt_vaults_swirl,
          vaults_room_door_ring, v_misc_5, hangedman_vaults_stream,
          nicolae_vaults_three_branches, nicolae_vaults_angled_halls,
          vaults_room_stairs_pillars, vaults_dpeg_diagonal, layout_vaults_ring
Vaults:5: serial_shops
Crypt:1:  gammafunk_the_bubble [the_bubble_gammafunk_roulette], layout_basic
Crypt:2:  layout_catacombs, basic_altar, st_stairs_9, skrybe_necro_troll_1
Crypt:3:  lightli_unholy_cathedral, layout_chaotic_city,
          nicolae_tomb_entry_unfolded_pyramid_diagonal
Tomb:1
Tomb:2
Tomb:3

Skill      XL: |  1  2  3  4  5  6  7  8  9 10 11 12 13 14 15 16 17 18 19 20 21 22 23 |
---------------+----------------------------------------------------------------------+-----
Necromancy     | 5 6 7 8 9 10 | 10.0
Fighting       | 1 3 4 5 8 10 11 13 14 15 16 17 18 | 18.3
Spellcasting   | 4 7 11 13 14 16 17 | 17.3
Armour         | 2 3 |  3.8
Evocations     | 1 3 4 |  4.0
Short Blades   | 2 3 4 |  4.5
Shields        | 2 4 6 7 9 |  9.1
Dodging        | 4 5 7 9 10 | 10.4
Air Magic      | 3 4 |  4.0
Stealth        | 3 |  3.2
Unarmed Combat | 2 9 12 13 | 13.8
Fire Magic     | 5 8 10 11 12 | 12.1
Throwing       | 3 4 |  4.9
Translocations | 3 4 |  4.0
Ice Magic      | 1 8 11 12 | 12.3
Conjurations   | 4 |  4.6
Transmutations | 5 6 |  6.0
Earth Magic    | 1 2 3 5 6 |  6.0

Action                   |  1- 3 |  4- 6 |  7- 9 | 10-12 | 13-15 | 16-18 | 19-21 | 22-24 || total
-------------------------+-------+-------+-------+-------+-------+-------+-------+-------++-------
Melee: Spear             |     6 |    43 |       |       |       |       |       |       ||    49
       Short sword       |       |    27 |    37 |       |       |       |       |       ||    64
       Quarterstaff      |       |       |    14 |       |       |       |       |       ||    14
       Rapier            |       |       |   302 |   859 |    49 |       |       |       ||  1210
       Unarmed           |       |       |       |       |  1189 |   627 |   620 |   126 ||  2562
       Staff             |       |       |       |       |       |     2 |     2 |       ||     4
Throw: Boomerang         |       |       |       |       |   134 |   362 |    86 |    29 ||   611
 Cast: Pain              |    54 |    85 |    51 |       |       |       |       |       ||   190
       Animate Skeleton  |       |     3 |       |       |       |       |       |       ||     3
       Vampiric Draining |       |    25 |    39 |    23 |   138 |    92 |       |       ||   317
       Agony             |       |       |       |    20 |     7 |     1 |       |       ||    28
       Airstrike         |       |       |       |    56 |    15 |    15 |     6 |       ||    92
       Passwall          |       |       |       |       |     2 |     7 |     1 |       ||    10
       Apportation       |       |       |       |       |    29 |    45 |    53 |       ||   127
       Passage of Golubr |       |       |       |       |     8 |    75 |    23 |     6 ||   112
       Ignition          |       |       |       |       |       |    42 |    86 |    10 ||   138
       Ozocubu's Armour  |       |       |       |       |       |       |     2 |       ||     2
       Ozocubu's Refrige |       |       |       |       |       |       |    24 |    15 ||    39
       Irradiate         |       |       |       |       |       |       |    15 |     8 ||    23
       Lee's Rapid Decon |       |       |       |       |       |       |     4 |     3 ||     7
       Absolute Zero     |       |       |       |       |       |       |     4 |    21 ||    25
Invok: Curse Item        |       |       |     3 |     7 |       |     1 |     2 |       ||    13
       Shatter the Chain |       |       |       |       |     1 |     3 |       |       ||     4
Evoke: Wand              |       |       |     2 |       |       |    17 |     4 |    46 ||    69
       Tin of tremorston |       |       |       |       |     2 |     6 |     5 |     4 ||    17
       Box of beasts     |       |       |       |       |       |     3 |       |     1 ||     4
       Condenser vane    |       |       |       |       |       |     2 |       |     1 ||     3
  Use: Scroll            |       |     1 |     4 |     1 |     4 |     7 |     6 |    13 ||    36
 Stab: Paralysed         |       |       |     7 |       |       |       |       |       ||     7
       Petrified         |       |       |     4 |       |       |       |       |       ||     4
       Petrifying        |       |       |     2 |       |       |       |       |       ||     2
       Sleeping          |       |       |       |    13 |    14 |     3 |     6 |       ||    36
       Distracted        |       |       |       |       |     2 |       |     1 |       ||     3
Armor: Robe              |     6 |     6 |       |       |       |       |       |       ||    12
       Quicksilver drago |       |    31 |   129 |   178 |   321 |    60 |       |       ||   719
       Troll leather arm |       |       |       |       |       |   116 |   101 |    35 ||   252
Dodge: Dodged            |    20 |    73 |    71 |   185 |   510 |   272 |   345 |    95 ||  1571
Block: Kite shield       |       |       |   105 |   368 |   883 |   408 |   366 |   131 ||  2261

Table legend: (Time is in decaauts)
 A = Elapsed time spent in this place.
 B = Non-inter-level travel time spent in this place.
 C = Inter-level travel time spent in this place.
 D = Time resting spent in this place.
 E = Time spent auto-exploring this place.
 F = Levels seen in this place.
 G = Mean time per level.
                   A        B        C        D        E       F      G
               +--------+--------+--------+--------+--------+-----+--------+
         Total |  29783 |  28668 |   1115 |   1315 |  12342 |  50 |  595.7 |
       Dungeon |  12478 |  11830 |    648 |   1035 |   8017 |  13 |  959.8 |
        Temple |    182 |     85 |     97 |      0 |     81 |   1 |  182.0 |
          Lair |   6583 |   6223 |    360 |     52 |   4232 |   6 | 1097.2 |
         Swamp |    721 |    721 |      0 |      0 |      0 |   4 |  180.2 |
     Snake Pit |   1658 |   1655 |      3 |      0 |      0 |   4 |  414.5 |
    Slime Pits |    807 |    807 |      0 |      0 |      0 |   5 |  161.4 |
  Orcish Mines |   1136 |   1135 |      1 |      0 |      0 |   2 |  568.0 |
   Elven Halls |    833 |    833 |      0 |      0 |      0 |   3 |  277.7 |
        Vaults |   2332 |   2332 |      0 |      0 |     12 |   5 |  466.4 |
         Crypt |   1013 |   1009 |      4 |      0 |      0 |   3 |  337.7 |
          Tomb |   1591 |   1591 |      0 |      0 |      0 |   3 |  530.3 |
       Volcano |    443 |    443 |      0 |    228 |      0 |   1 |  443.0 |
               +--------+--------+--------+--------+--------+-----+--------+

Top non-repeatable levels by time:
     D:3: 1810 daAuts
  Lair:2: 1498 daAuts
     D:7: 1436 daAuts
     D:4: 1363 daAuts
  Lair:6: 1285 daAuts
  Lair:3: 1208 daAuts
     D:6: 1197 daAuts
     D:9: 1128 daAuts
  Lair:5: 1024 daAuts
     D:5: 989 daAuts
     D:2: 959 daAuts
     D:8: 902 daAuts
  Tomb:2: 865 daAuts
  Lair:1: 849 daAuts
    D:10: 845 daAuts
